 Dungeon Crawl Stone Soup version 0.22.1-2-g9c5b331 (webtiles) character file.

24 MalarOregon the Poker (level 3, 0/28 HPs)
             Began as a Merfolk Skald on Nov 26, 2018.
             Succumbed to an adder's poison
             ... on level 1 of the Dungeon.
             The game lasted 00:03:06 (1068 turns).

MalarOregon the Poker (Merfolk Skald)               Turns: 1068, Time: 00:03:06

Health: 0/28       AC:  4    Str: 11    XL:     3   Next: 2%
Magic:  6/6        EV: 12    Int: 13    God:
Gold:   47         SH:  0    Dex: 13    Spells: 5/6 levels left

rFire    . . .     SeeInvis .   a - +0 spear
rCold    . . .     Gourm    .   (no shield)
rNeg     . . .     Faith    .   b - +0 leather armour
rPois    .         Spirit   .   (no helmet)
rElec    .         Reflect  .   (no cloak)
rCorr    .         Harm     .   (no gloves)
MR       .....                  i - +0 pair of boots
Stlth    +.........             (no amulet)
HPRegen  0.09/turn              (no ring)
MPRegen  0.10/turn              (no ring)

@: lethally poisoned (0 -> -2)
A: change form in water, swift swim, stealthy swim
a: no special abilities


You were on level 1 of the Dungeon.
You were very full.

You visited 1 branch of the dungeon, and saw 2 of its levels.

You collected 47 gold pieces.

Inventory:

Hand Weapons
 a - a +0 spear (weapon)
Armour
 b - a +0 leather armour (worn)
 i - a +0 pair of boots (worn)
   (You found it on level 1 of the Dungeon)
Scrolls
 h - a scroll of identify {@r1}
Comestibles
 c - a chunk of flesh


   Skills:
 * Level 2.6 Fighting
 * Level 3.5 Polearms
 + Level 0.8 Armour
 * Level 3.1 Dodging
 + Level 2.1 Spellcasting
 * Level 3.5 Charms


You had 5 spell levels left.
You knew the following spells:

 Your Spells              Type           Power        Failure   Level  Hunger
a - Infusion              Chrm           ##..         8%          1    ##.....

Your spell library contained the following spells:

 Spells                   Type           Power        Failure   Level  Hunger
 Song of Slaying          Chrm           ##......     12%         2    ###....
 Shroud of Golubria       Chrm/Tloc      #.........   24%         2    ###....
 Regeneration             Chrm/Necr      #.........   43%         3    ####...
 Spectral Weapon          Hex/Chrm       #.......     43%         3    ####...


Dungeon Overview and Level Annotations

Branches:
Dungeon (2/15)

Altars:


Message History

This spell is slightly dangerous to cast.
Memorise Regeneration, consuming 3 spell levels and leaving 2?
You start memorising the spell.
You continue memorising.
Your memorisation is interrupted.
* * * LOW HITPOINT WARNING * * *
You feel sick.
This spell is slightly dangerous to cast.
Memorise Regeneration, consuming 3 spell levels and leaving 2?
You start memorising the spell.
You continue memorising. x2
Your memorisation is interrupted.
* * * LOW HITPOINT WARNING * * *
You feel sick.
There is a lethal amount of poison in your body!
Unknown command.
* * * LOW HITPOINT WARNING * * *
You feel sick.
There is a lethal amount of poison in your body!
There is a lethal amount of poison in your body!
There is a lethal amount of poison in your body!
You eat one of the 2 rations {!d}.
That ration really hit the spot!
You eat the ration {!d}.
That ration really hit the spot!
Attack whom?
That would be overly suicidal.
Okay, then.
Firing (i - inventory) No suitable missiles.
Really target yourself?
Okay, then.
There is a lethal amount of poison in your body!
Firing (i - inventory) No suitable missiles.
Really target yourself?
Okay, then.
Firing (i - inventory) No suitable missiles.
Really target yourself?
Okay, then.
You swing at nothing.
You swing at nothing.
* * * LOW HITPOINT WARNING * * *
You feel sick.
You swing at nothing.
You swing at nothing.
You swing at nothing.
You swing at nothing.
* * * LOW HITPOINT WARNING * * *
You feel sick.
You swing at nothing.
You swing at nothing.
You swing at nothing.
You swing at nothing.
You swing at nothing.
You die...

.#....#..#.#...####..............
.#......##.......................
.#.#.....#.....####...###.#####.#
...............# #...# #.# ##.#
...#..##.#.....# #...###.####...
.#.....#.#.....# #..............
...#.#.#.#.....# #)..###.####...
##.......#.....####>............#
##.....#.#......@..........###..#
.........#..............##.#....#
############..######..#.##.###..#
.......#...#..# #..#.#...##.##
######.#.#.#..######..#.#...##.##
.......#.#.#.....................
########(#.#.#######.............
.....)...#.#.# ##.#.##..>....
##########.#.# #.#.##.....##


There were no monsters in sight!

Vanquished Creatures
  An adder (D:1)
  4 bats (D:1)
  2 hobgoblins (D:1)
  3 kobolds (D:1)
  2 frilled lizards (D:1)
  3 rats (D:1)
15 creatures vanquished.

Notes
Turn   | Place    | Note
-------+----------+-------------------------------------------
     0 | D:1      | MalarOregon the Merfolk Skald began the quest for the Orb.
     0 | D:1      | Reached XP level 1. HP: 16/16 MP: 3/3
   373 | D:1      | Reached XP level 2. HP: 18/23 MP: 5/5
  1039 | D:1      | HP: 1/23 [adder (4)]
  1046 | D:1      | Reached XP level 3. HP: 5/28 MP: 6/6
  1063 | D:1      | HP: 1/28 [poisoned by an adder]
  1068 | D:1      | Succumbed to an adder's poison

Skill      XL: |  1  2 |
---------------+-------+-----
Dodging        | 3 |  3.1
Fighting       | |  2.6
Polearms       | |  3.5
Armour         | |  0.8
Spellcasting   | |  2.1
Charms         | |  3.5

Action                   || total
-------------------------++-------
Melee: Spear             ||    80
  Use: Scroll            ||     3
       Potion            ||     3
  Eat: Ration            ||     2
Armor: Leather armour    ||    22
Dodge: Dodged            ||    49
